 Dungeon Crawl Stone Soup version 0.20.1-1-g8b1a95d (webtiles) character file.

53 gobwax the Slasher (level 3, -1/29 HPs)
             Began as a Barachi Fighter on July 10, 2017.
             Slain by a rat (2 damage)
             ... on level 2 of the Dungeon.
             The game lasted 00:02:36 (932 turns).

gobwax the Slasher (Barachi Fighter)                 Turns: 932, Time: 00:02:36

Health: -1/29      AC:  6    Str: 18    XL:     3   Next: 89%
Magic:  3/3        EV:  9    Int:  8    God:
Gold:   58         SH:  4    Dex: 11    Spells: 2/2 levels left

rFire    . . .     SeeInvis .   a - +0 long sword
rCold    . . .     Gourm    .   l - +0 buckler
rNeg     . . .     Faith    .   b - +0 scale mail
rPois    .         Spirit   .   (no helmet)
rElec    .         Reflect  .   (no cloak)
rCorr    .         Harm     .   (no gloves)
MR       .....                  (no boots)
Stlth    ..........             (no amulet)
Regen    0.1/turn               (no ring)
MPRegen  0.1/turn               (no ring)

@: lethally poisoned (-1 -> -7), can't hop, slow
A: +LOS, swims, slowness 1, strong legs 1
a: Hop


You were on level 2 of the Dungeon.
You were hungry.

You visited 1 branch of the dungeon, and saw 2 of its levels.

You collected 58 gold pieces.

Inventory:

Hand Weapons
 a - a +0 long sword (weapon)
Armour
 b - a +0 scale mail (worn)
 c - a +0 shield
 l - a +0 buckler (worn)
Scrolls
 i - a scroll of teleportation {unknown}
 j - a scroll of amnesia {unknown}
 n - a scroll of remove curse {unknown}
 o - 3 scrolls of identify {unknown}
Potions
 d - a potion of might
 e - a potion of degeneration {unknown}
 g - a potion of flight {unknown}
 k - 2 potions of haste {unknown}
Comestibles
 f - a bread ration
 h - a meat ration
 m - a royal jelly


   Skills:
 - Level 3.6 Fighting
 + Level 4.9 Long Blades
 - Level 3.6 Armour
 - Level 3.2 Shields


You had 2 spell levels left.
You didn't know any spells.

Dungeon Overview and Level Annotations

Branches:
Dungeon (2/15)

Altars:

Annotations:
D:2 Jessica, Robin


Innate Abilities, Weirdness & Mutations

Shadows flee at your approach. (+LOS)
You can swim through water.
You cover ground slowly.
You can hop short distances.


Message History

The adder bites you.
* * * LOW HITPOINT WARNING * * *
You are lethally poisoned!
The adder poisons you!
Found a helmet. 2 goblins and Robin come into view.
* * * LOW HITPOINT WARNING * * *
You feel sick.
Robin shouts!
The goblin shouts! x2
A goblin comes into view.
It is wielding a dagger of electrocution.
Okay, then.
Okay, then.
Level annotation: Jessica, Robin Welcome back, gobwax the Barachi Fighter.
Press ? for a list of commands and other information.
* * * LOW HITPOINT WARNING * * *
You feel sick. The adder bites you.
* * * LOW HITPOINT WARNING * * *
Robin throws the goblin at you! The rat bites you.
You die...

. #..##### .###
#..# . ...# #..# ..
##..# ### #..# ...
##...# ##.
.#####..###
....#?@..########.#
#.##......#
..................#
#.#.....#.##
....g.<..#
#.r###..........#
....g.g..#
##@#...#.....)...#
.........#
#..S.........†...##
.........#
#g.#####..........#
####.###.# #.[#
#........... #. .#
#.g# #..........#
#. .. #gg#
#........... #. #..
.g.g #........... #
.# ...gg
#........... ..g..
###.######..


You could see Robin, an adder, 3 hobgoblins, 5 goblins and a rat.

Vanquished Creatures
  2 gnolls
  An ooze (D:2)
  A worm (D:2)
  A ball python (D:1)
  2 bats (D:1)
  7 goblins
  4 hobgoblins
  A quokka (D:2)
  4 frilled lizards
  A kobold (D:1)
  4 rats
28 creatures vanquished.

Notes
Turn   | Place    | Note
-------+----------+-------------------------------------------
     0 | D:1      | gobwax the Barachi Fighter began the quest for the Orb.
     0 | D:1      | Reached XP level 1. HP: 18/18 MP: 1/1
    92 | D:1      | Reached skill level 3 in Long Blades
    97 | D:1      | Reached XP level 2. HP: 21/24 MP: 2/2
   679 | D:2      | Noticed Jessica
   685 | D:1      | Reached skill level 4 in Long Blades
   685 | D:1      | Reached XP level 3. HP: 27/29 MP: 3/3
   931 | D:2      | Noticed Robin
   932 | D:2      | HP: 1/29 [adder (2)]
   932 | D:2      | Slain by a rat

Skill      XL: |  1  2 |
---------------+-------+-----
Long Blades    | 3 4 |  4.9
Fighting       | |  3.6
Armour         | |  3.6
Shields        | |  3.2

Action                   || total
-------------------------++-------
Melee: Long sword        ||    75
 Abil: Hop               ||     1
Armor: Scale mail        ||    29
Dodge: Dodged            ||    29
Block: Shield            ||    14
       Buckler           ||    14
       Rpst.: Long sword ||    10
